 Dungeon Crawl Stone Soup version 0.31-a0-819-gf6de2f5ab6 (webtiles) character file.

Game seed: 12466124493680569125

1304 Shayle the Martial Artist (level 8, -1/70 HPs)
             Began as an Ogre Hexslinger on Sept 24, 2023.
             Slain by Pikel
             ... wielding a +0 whip of flaming
              (7 damage)
             ... on level 4 of the Dungeon.
             The game lasted 00:11:15 (5152 turns).

Shayle the Martial Artist (Ogre Hexslinger)         Turns: 5152, Time: 00:11:15

Health: -1/70      AC:  0    Str: 13    XL:     8   Next: 57%
Magic:  9/9        EV: 14    Int: 14    God:
Gold:   150        SH:  0    Dex: 13    Spells: 9/9 levels left

rFire   . .          .
                       - Unarmed
rCold   . . .        (shield currently unavailable)
rNeg    . . .        b - melded +2 robe
rPois   .            (helmet currently unavailable)
rElec   .            (cloak currently unavailable)
rCorr   .            (gloves unavailable)
SInv    .            (boots unavailable)
Will    .....        (no amulet)
Stlth   +            (ring currently unavailable)
HPRegen 0.31/turn    (ring currently unavailable)
MPRegen 0.11/turn

%: no passive effects
@: pig-form, very quick
A: fast, no casting, small, unfitting armour, (tough skin 1)
a: no special abilities


You were on level 4 of the Dungeon.
You were a filthy swine.
You visited 1 branch of the dungeon, and saw 5 of its levels.
You also visited: Ossuary.

You collected 248 gold pieces.
You spent 98 gold pieces at shops.

Inventory:

Hand Weapons
 a - a +1 sling
 m - a +0 flail of venom
Armour
 b - a +2 robe (melded)
 c - a +0 robe
Wands
 e - a wand of polymorph (2)
Scrolls
 g - a scroll of torment
 h - a scroll of amnesia
 i - a scroll of revelation
 n - a scroll of poison
Potions
 d - 3 potions of curing
 f - 3 potions of attraction
 j - a potion of haste {unknown}
 l - 2 potions of enlightenment {unknown}
 o - a potion of mutation {unknown}


   Skills:
 - Level 1.3 Fighting
 - Level 1.3 Ranged Weapons
 - Level 1.7 Dodging
 + Level 9.2 Unarmed Combat
 - Level 1.2 Spellcasting
 - Level 2.6 Hexes
 - Level 0.8 Fire Magic


You had 9 spell levels left.
You didn't know any spells.
Your spell library contained the following spells:

 Spells                   Type           Power      Damage    Failure   Level
 Jinxbite                 Hex            16%        N/A       13%         2
 Sigil of Binding         Hex            8%         N/A       26%         3
 Inner Flame              Hex/Fire       5%         N/A       36%         3
 Cause Fear               Hex            4%         N/A       65%         4
 Dimensional Bullseye     Hex/Tloc       2%         N/A       83%         4


Dungeon Overview and Level Annotations

Branches:
Dungeon (5/15)            Ossuary (visited)
 Temple: D:4-7

Altars:
Okawaru
Xom

Shops:
D:2 !   D:3 !

Annotations:
D:4 2 transporters, Age's ghost, novice MiFi; Dowan; Pikel


Innate Abilities, Weirdness & Mutations

You are a filthy swine.
You move quickly.
Your equipment is almost entirely melded.
You are incapable of wielding weapons or throwing items.
You cannot cast spells.
You are too large for most types of armour.
((You have tough skin. (AC +1)))


Message History

You hit Pikel.
Pikel is almost dead.
Pikel closely misses you.
Dowan zaps a wand.
You turn into a filthy swine.
Your +2 robe melds into your body.
Unknown command.
You feel much better.
Pikel hits you with a +0 whip of flaming!
Pikel burns you.
Okay, then.
You hit Pikel but do no damage.
Pikel is almost dead.
Dowan hits you with a +0 dagger!
Pikel hits you with a +0 whip of flaming!
Pikel burns you. Dowan misses you.
You hit Pikel but do no damage.
Pikel is almost dead.
Dowan hits you with a +0 dagger.
Pikel hits you with a +0 whip of flaming!
* * * LOW HITPOINT WARNING * * *
Pikel burns you.
* * * LOW HITPOINT WARNING * * *
You feel much better. Dowan barely misses you. Pikel closely misses you.
You barely miss Pikel.
Pikel is almost dead.
Dowan casts a spell.
Dowan blinks!
Dowan gestures at you while chanting. The stone arrow hits you!
* * * LOW HITPOINT WARNING * * *
Pikel closely misses you.
Aiming: Polymorph
Press: ? - help, Shift-Dir - straight line, f - Dowan
Aim: Dowan, wielding a +0 dagger, wearing a +0 robe and carrying a wand of polymorph (fast, will become a scorpion, an orc, or an adder, chance to affect: 49%) Dowan evaporates and reforms as an orc!
Dowan picks up a +0 dagger.
Dowan wields a +0 dagger.
Dowan picks up a +0 robe.
Dowan wears a +0 robe.
Pikel hits you with a +0 whip of flaming!
* * * LOW HITPOINT WARNING * * *
Pikel burns you!
You die...
Pikel says, "See you in Hell!"

# ############## ..#
#............# ...
#............# .# . ..
#............# .#
#...#5###............####
.....
#..55Kh..o............
####.
#.######ยง...........####
#................
#####................
#........############
#.......[#Z..........
#........#........)..
#........#Z.###.###ZZ
#........#..#8 #8#..


You could see Pikel, 3 lemures, Dowan the orc and a howler monkey zombie
(wandering).

Vanquished Creatures
  Grinder (D:4)
  Sigmund (D:2)
  Menkaure (D:4)
  Duvessa (D:4)
  A sky beast (D:4)
  A lemure (D:4)
  2 elf zombies (Ossuary)
  A scorpion (D:4)
  A howler monkey (D:4)
  3 centaur zombies (Ossuary)
  A human zombie (Ossuary)
  2 iguanas (D:4)
  Ijyb (D:4)
  An orc wizard (D:4)
  2 mummies (Ossuary)
  Robin (D:2)
  3 adders
  An adder zombie (Ossuary)
  A worm (D:3)
  3 dart slugs
  6 orcs
  4 ball pythons
  9 bats
  5 endoplasms (D:1)
  6 giant cockroaches
  10 hobgoblins
  7 jackals
  9 kobolds
  2 quokkas
  4 frilled lizards
  19 goblins
  11 hobgoblin zombies (Ossuary)
  2 jackal zombies (Ossuary)
  9 kobold zombies (Ossuary)
  7 orc zombies (Ossuary)
  9 rats
  A rat zombie (Ossuary)
149 creatures vanquished.

Notes
Turn   | Place    | Note
-------+----------+-------------------------------------------
     0 | D:1      | Shayle the Ogre Hexslinger began the quest for the Orb.
     0 | D:1      | Reached XP level 1. HP: 19/19 MP: 2/2
    55 | D:1      | Reached skill level 1 in Unarmed Combat
   145 | D:1      | Reached XP level 2. HP: 27/27 MP: 3/3
   189 | D:1      | Reached skill level 2 in Unarmed Combat
   225 | D:1      | Reached XP level 3. HP: 17/33 MP: 4/4
   923 | D:2      | Noticed Robin
   924 | D:2      | Reached skill level 3 in Unarmed Combat
   994 | D:2      | Reached XP level 4. HP: 34/41 MP: 5/5
  1212 | D:2      | Found a faded altar of an unknown god.
  1213 | D:2      | Noticed Sigmund
  1276 | D:2      | Killed Sigmund
  1277 | D:2      | Reached skill level 5 in Unarmed Combat
  1277 | D:2      | Reached XP level 5. HP: 20/48 MP: 6/6
  1674 | D:2      | Reached XP level 6. HP: 55/55 MP: 7/7
  1699 | D:2      | Killed Robin
  2003 | D:2      | Found Loegiat's Distillery.
  2007 | D:2      | Bought a potion of curing for 33 gold pieces
  2569 | D:3      | Found an iron altar of Okawaru.
  2649 | D:3      | Found Ycacire's Distillery.
  2669 | D:3      | Bought a potion of heal wounds for 65 gold pieces
  3222 | D:3      | You fall into a shaft and drop 2 floors!
  3222 | D:5      | Entered Level 5 of the Dungeon
  3282 | D:4      | Noticed Menkaure
  3285 | D:4      | Found a transporter.
  3287 | D:4      | Noticed Age's ghost (novice MiFi)
  3292 | D:4      | Found a transporter.
  3308 | D:4      | Found a sand-covered staircase.
  3312 | Ossuary  | Entered an ossuary
  3615 | Ossuary  | Reached skill level 6 in Unarmed Combat
  3656 | Ossuary  | Reached XP level 7. HP: 32/62 MP: 8/8
  4001 | Ossuary  | Reached skill level 7 in Unarmed Combat
  4103 | D:4      | Killed Menkaure
  4107 | D:4      | Noticed Dowan
  4228 | D:4      | Noticed Ijyb
  4243 | D:4      | Killed Ijyb
  4303 | D:4      | Noticed Duvessa
  4331 | D:4      | Killed Duvessa
  4332 | D:4      | Reached skill level 8 in Unarmed Combat
  4332 | D:4      | Reached XP level 8. HP: 25/70 MP: 9/9
  4717 | D:4      | Noticed Grinder
  4754 | D:4      | Killed Grinder
  4875 | D:4      | Found a shimmering altar of Xom.
  4875 | D:4      | Found a shimmering altar of Xom.
  4880 | D:4      | Found a shimmering altar of Xom.
  4977 | D:4      | Noticed Eustachio
  4982 | D:4      | Eustachio changed into Eustachio the sky beast
  4982 | D:4      | Noticed Eustachio
  4994 | D:4      | Killed Eustachio the sky beast
  4995 | D:4      | Reached skill level 9 in Unarmed Combat
  5105 | D:4      | Noticed Pikel
  5152 | D:4      | Dowan changed into Dowan the orc
  5152 | D:4      | Noticed Dowan
  5152 | D:4      | Slain by Pikel

Illustrated notes

Levels and vault maps discovered:
D:1:      evilmike_arrival_plus, layout_loops_ring
D:2:      layout_loops_corners, shapermc_ecumenical_altar_ellora, serial_shops,
          shop, uniq_sigmund, uniq_robin
D:3:      layout_loops_corners, okawaru_altar_gauntlet_db, serial_shops,
          nicolae_shop_tiny_waterfront, patterned_corridor
D:4:      cheibrodos_greedy_goblins, layout_basic, xom_redecorated,
          gammafunk_ghost_mausoleum, enter_ossuary_5, hex_tiny, uniq_grinder,
          uniq_ijyb, uniq_eustachio, uniq_menkaure, uniq_pikel, uniq_duvessa
D:5:      minmay_bubble_buster, layout_basic, serial_glass, glass_columns_a,
          glass_columns_a, glass_columns_a, glass_columns_b

Skill      XL: |  1  2  3  4  5  6  7  8 |
---------------+-------------------------+-----
Unarmed Combat | 1 2 3 5 6 8 9 |  9.2
Fighting       | |  1.3
Ranged Weapons | |  1.3
Dodging        | |  1.7
Spellcasting   | |  1.2
Hexes          | |  2.6
Fire Magic     | |  0.8

Action                     |  1- 3 |  4- 6 |  7- 9 || total
---------------------------+-------+-------+-------++-------
  Melee: Sling             |       |     4 |       ||     4
         Unarmed           |       |   116 |   254 ||   370
         Punch             |       |    10 |    17 ||    27
   Fire: Sling             |   127 |   192 |       ||   319
  Evoke: Wand              |       |       |     5 ||     5
    Use: Scroll            |       |     8 |     2 ||    10
         Potion            |       |     3 |     5 ||     8
   Stab: Sleeping          |       |       |     2 ||     2
 Armour: Robe              |    79 |   168 |   109 ||   356
         Skin              |       |       |     7 ||     7
  Dodge: Dodged            |    68 |   114 |    92 ||   274

Table legend: (Time is in decaauts)
 A = Elapsed time spent in this place.
 B = Non-inter-level travel time spent in this place.
 C = Inter-level travel time spent in this place.
 D = Time resting spent in this place.
 E = Time spent auto-exploring this place.
 F = Levels seen in this place.
 G = Mean time per level.
                   A        B        C        D        E       F      G
               +--------+--------+--------+--------+--------+-----+--------+
         Total |   5210 |   5009 |    201 |    977 |   2666 |   6 |  868.3 |
       Dungeon |   4463 |   4262 |    201 |    670 |   2571 |   5 |  892.6 |
       Ossuary |    747 |    747 |      0 |    307 |     95 |   1 |  747.0 |
               +--------+--------+--------+--------+--------+-----+--------+

Top non-repeatable levels by time:
     D:2: 1443 daAuts
     D:3: 1349 daAuts
     D:1: 881 daAuts
     D:4: 779 daAuts
 Ossuary: 747 daAuts
     D:5: 7 daAuts
